 Dungeon Crawl Stone Soup version 0.31.0-1-g2c135a008e (webtiles) character file.

Game seed: 13389044592289029997

125 qw the Shooter (level 5, -1/40 HPs)
             Began as a Djinni Hunter on Jan 24, 2024.
             Slain by Terence
             ... wielding a +0 trident
              (5 damage)
             ... on level 2 of the Dungeon.
             The game lasted 00:00:07 (1714 turns).

qw the Shooter (Djinni Hunter)                      Turns: 1714, Time: 00:00:07

Health: -1/40      AC:  3    Str: 10    XL:     5   Next: 30%
Gold:   44         EV: 13    Int: 10    God:
                   SH:  5    Dex: 19

rFire   + + .        a - +0 shortbow
rCold   x . .        (shield currently unavailable)
rNeg    . . .        c - +0 leather armour
rPois   inf          (no helmet)
rElec   .            (no cloak)
rCorr   .            (no gloves)
SInv    .            (boots unavailable)
Will    .....        g - amulet of reflection
Stlth   ++           (no ring)
HPRegen 0.26/turn    (no ring)
MPRegen 0.00/turn

%: reflection, infuse magic (-2 HP)
@: flying
A: sickness immunity, fire resistance 2, cold vulnerability 1, float, innate
caster, HP casting, extra vitality 1
a: no special abilities


You were on level 2 of the Dungeon.
You visited 1 branch of the dungeon, and saw 2 of its levels.

You collected 44 gold pieces.


Innate Abilities, Weirdness & Mutations

You are immune to sickness and miasma.
You are immune to poison.
Your flesh is very heat resistant. (rF++)
You are vulnerable to cold. (rC-)
You float through the air rather than walking.
You learn spells naturally, not from books.
Your magical power is your life essence.
You have superior vitality. (+4 MHP)


   Skills:
 - Level 3.1 Fighting
 + Level 4.3 Ranged Weapons
 - Level 3.0 Dodging
 - Level 0.7 Stealth


You knew the following spells:

 Your Spells              Type           Power      Damage    Failure   Level
a - Magic Dart            Conj           0%         1d3       45%         1
b - Jinxbite              Hex            0%         N/A       61%         2
Your spell library was empty.

Inventory:

Hand Weapons
 a - a +0 shortbow (weapon)
Armour
 c - a +0 leather armour (worn)
 m - a +0 pair of gloves
 r - a +0 ring mail
Jewellery
 d - the amulet of Vitality {RegenMP++ Regen++}
   (You found it on level 2 of the Dungeon)

   [amulet of magic regeneration]

   RegenMP:   It increases your rate of magic regeneration.
   Regen++:   It increases your rate of health regeneration.
 g - an amulet of reflection (around neck)
 i - a ring of protection from cold
 s - a ring of positive energy
Scrolls
 k - a scroll of identify
 l - a scroll of fear {unknown}
 o - a scroll of summoning {unknown}
Potions
 b - a potion of attraction {unknown}
 e - a potion of brilliance {unknown}
 f - a potion of curing
 h - a potion of mutation {unknown}
 j - a potion of resistance {unknown}
 n - a potion of heal wounds {unknown}
 p - a potion of magic {unknown}
 q - a potion of lignification {unknown}

Dungeon Overview and Level Annotations

Branches:
Dungeon (2/15)

Altars:

Shops:
D:1 ?

Annotations:
D:2 Terence


Message History

You shoot an arrow.
The arrow hits the rat but does no damage.
The rat is moderately wounded.
Terence closely misses you. The rat misses you.
You shoot an arrow.
The arrow hits the rat but does no damage.
The rat is moderately wounded.
Terence closely misses you. You block the rat's attack.
You shoot an arrow.
The arrow hits the rat but does no damage.
The rat is moderately wounded.
Terence hits you from afar with a +0 trident!
The rat misses you.
You shoot an arrow. The arrow hits the rat!
You kill the rat!
Terence hits you from afar with a +0 trident!
You shoot an arrow. The arrow hits Terence.
Terence is lightly wounded.
Terence misses you.
Terence hits you from afar with a +0 trident.
You shoot an arrow. The arrow barely misses Terence.
Terence closely misses you.
You shoot an arrow.
The arrow hits Terence but does no damage.
Terence is lightly wounded.
Terence screams, "I'm going to kill you!"
Terence misses you.
You shoot an arrow. The arrow hits Terence.
Terence is moderately wounded.
Terence hits you from afar with a +0 trident.
You shoot an arrow.
The arrow hits Terence but does no damage.
Terence is moderately wounded.
Terence misses you. Terence completely misses you.
You shoot an arrow. The arrow barely misses Terence.
You block Terence's attack.
You shoot an arrow. The arrow closely misses Terence.
Terence hits you from afar with a +0 trident.
You die...
Terence says, "Rest in peace."

### #.# ### ##.#
..# #.# #..# #.#
#.# # #.## #.#
#.# #. #.# #.#
#.# #. # #.# ..#
#.# #.# #.####
#.# ### #.# #.@
#....####.# # #.#
#..#######......#
# #.#
#..@..#....######
# #.#
#.###.#.#### #
#.# # #.#.# # #.#
#...# # #.# #####
# #.# # #.# # #.#
# #.#


You could see Terence.

Vanquished Creatures
  7 adders (D:2)
  A dart slug (D:2)
  3 bats
  2 endoplasms (D:2)
  A giant cockroach (D:2)
  4 goblins (D:1)
  7 hobgoblins
  3 jackals (D:2)
  6 kobolds
  3 quokkas (D:1)
  11 ball pythons
  2 frilled lizards (D:2)
  7 rats
57 creatures vanquished.

Notes
Turn   | Place    | Note
-------+----------+-------------------------------------------
     0 | D:1      | qw the Djinni Hunter began the quest for the Orb.
     0 | D:1      | Reached XP level 1. HP: 18/18 MP: 0/0
     0 | D:1      | 0 ||| qw: Version: 0.3-a-136-gdd3b4e8
     0 | D:1      | 0 ||| qw: Game counter: 1350
     0 | D:1      | 0 ||| qw: Melee chars always use a shield: true
     0 | D:1      | 0 ||| qw: God list: Okawaru
     0 | D:1      | 0 ||| qw: Allow faded altars: false
     0 | D:1      | 0 ||| qw: Do Orc after clearing Dungeon:15 true
     0 | D:1      | 0 ||| qw: Do second Lair branch before Depths: true
     0 | D:1      | 0 ||| qw: Lair rune preference: random
     0 | D:1      | 0 ||| qw: Goals: Normal
     0 | D:1      | 0 ||| PLANNING D:1-11
    83 | D:1      | Reached XP level 2. HP: 23/23 MP: 0/0
   277 | D:1      | Found Ockuiq's Magic Scroll Boutique.
   286 | D:1      | 286 ||| SHOPLISTING scroll of enchant weapon (105 gold,
                  | have 23).
   286 | D:1      | 286 ||| SHOPLISTING scroll of teleportation (42 gold, have
                  | 23).
   316 | D:1      | Reached XP level 3. HP: 20/28 MP: 0/0
   316 | D:1      | Learned a level 1 spell: Magic Dart
   360 | D:1      | Reached skill level 4 in Ranged Weapons
   381 | D:1      | Found a faded altar of an unknown god.
   708 | D:1      | 708 ||| UPGRADING to amulet of reflection.
   713 | D:1      | 713 ||| READING 2 scrolls labelled TEGOOGGOEGE.
   713 | D:1      | 713 ||| IDENTIFYING metallic inky potion
   714 | D:1      | 714 ||| READING scroll of identify.
   714 | D:1      | 714 ||| IDENTIFYING green potion
   715 | D:1      | 715 ||| READING scroll labelled YRIAC SICOFE.
   719 | D:1      | 719 ||| DROPPING scroll of butterflies.
   720 | D:1      | 720 ||| DROPPING potion of degeneration.
   783 | D:2      | Reached XP level 4. HP: 34/34 MP: 0/0
   790 | D:2      | Reached skill level 3 in Fighting
   860 | D:2      | Found the amulet of Vitality {RegenMP++ Regen++}
  1097 | D:2      | Reached skill level 3 in Dodging
  1180 | D:2      | Reached XP level 5. HP: 40/40 MP: 0/0
  1180 | D:2      | Learned a level 2 spell: Jinxbite
  1699 | D:2      | Noticed Terence
  1708 | D:2      | HP: 8/40 [Terence/+0 trident (6)]
  1711 | D:2      | HP: 3/40 [Terence/+0 trident (6)]
  1714 | D:2      | Slain by Terence

Levels and vault maps discovered:
D:1:      onia_arrival_pentagram, layout_loops_ring, serial_shops, shop,
          nicolae_ecumenical_snake_handling, corner_web_ring,
          chequers_serial_rivers_micro_a, st_stairs_11
D:2:      wad_river_or_something, layout_loops_ring, uniq_terence

Skill      XL: |  1  2  3  4 |
---------------+-------------+-----
Ranged Weapons | 4 |  4.3
Fighting       | 3 |  3.1
Dodging        | 3 |  3.0
Stealth        | |  0.7

Action                     |  1- 3 |  4- 6 || total
---------------------------+-------+-------++-------
   Fire: Shortbow          |    82 |   101 ||   183
    Use: Scroll            |     3 |       ||     3
 Armour: Leather armour    |    16 |    30 ||    46
  Dodge: Dodged            |    11 |    41 ||    52
  Block: Other             |     3 |    13 ||    16

Table legend:
 A = Non-vault XP
 B = Vault XP
 C = Vault XP percentage of total XP
 D = Non-vault monster count
 E = Vault monster count
 F = Vault count percentage of total count
                 A         B        C        D         E       F
            +---------+---------+-------+---------+---------+-------
      Total |     141 |      38 |  21.2 |      42 |      15 |  26.3
            +---------+---------+-------+---------+---------+-------
        D:1 |      37 |      10 |  21.3 |      22 |       6 |  21.4
        D:2 |     104 |      28 |  21.2 |      20 |       9 |  31.0
            +---------+---------+-------+---------+---------+-------
